 Dungeon Crawl Stone Soup version 0.30.0-19-g36f170ea60 (webtiles) character file.

Game seed: 3036811323094831391

13968 2FriedEggs the Carver (level 12, 0/82 HPs)
             Began as an Octopode Brigand on May 30, 2023.
             Was an Elder of Trog.
             Slain by a death yak simulacrum (22 damage)
             ... in an ice cave.
             The game lasted 00:27:11 (10092 turns).

2FriedEggs the Carver (Octopode Brigand)           Turns: 10092, Time: 00:27:11

Health: 0/82       AC:  3    Str: 10    XL:     12   Next: 11%
Magic:  0/12       EV: 15    Int: 15    God:    Trog [****..]
Gold:   904        SH: 12    Dex: 17    Spells: 11/11 levels left

rFire   + + .        E - +4 long sword (freeze)
rCold   + + .        g - +1 kite shield
rNeg    + . .        d - +2 hat of the Bear Spirit {Spirit, Bear, *Rage Will++}
rPois   +            B - amulet of regeneration
rElec   +            h - ring of protection from cold
rCorr   +            j - ring of protection from fire
SInv    .            p - ring of resist corrosion
Will    ++...        H - ring of positive energy
Stlth   ++++         (no ring)
HPRegen 1.13/turn    (no ring)
MPRegen 0.13/turn    (no ring)
                     (no ring)

%: random rage (20%), guardian spirit
@: mighty, resistant
A: almost no armour, amphibious, 8 rings, camouflage 1, gelatinous body 1,
(nimble swimmer 1), tentacles
a: Renounce Religion, Berserk, Trog's Hand, Brothers in Arms


You were in an ice cave.
You worshipped Trog.
Trog was greatly pleased with you.
You visited 1 branch of the dungeon, and saw 11 of its levels.
You also visited: Sewer and Ice Cave.

You collected 918 gold pieces.
You spent 14 gold pieces at shops.

Inventory:

Hand Weapons
 a - a +2 dagger
 E - a +4 long sword of freezing (weapon)
Missiles
 b - 48 poisoned darts (quivered)
 c - 4 curare-tipped darts
 f - 3 throwing nets
 k - 8 boomerangs
Armour
 d - the +2 hat of the Bear Spirit (worn) {Spirit, Bear, *Rage Will++}
   (You acquired it on level 4 of the Dungeon)

   Bear:      Going berserk makes the wearer exceptionally tough, and they are
   slowed for a shorter time afterward.
   *Rage:     It berserks you when you make melee attacks (+20% chance).
   Will:      It greatly increases your willpower.
 g - a +1 kite shield (worn)
Jewellery
 h - a ring of protection from cold (left tentacle)
 j - a ring of protection from fire (right tentacle)
 p - a ring of resist corrosion (on tentacle)
 B - an amulet of regeneration (around mantle)
 H - a ring of positive energy (on tentacle)
Wands
 y - a wand of flame (23)
 z - a wand of iceblast (14)
 A - a wand of paralysis (14)
 C - a wand of digging (5)
Scrolls
 e - 2 scrolls of vulnerability
 n - 2 scrolls of torment
 o - 3 scrolls of immolation
 r - a scroll of fog
 s - a scroll of poison
 u - 5 scrolls of teleportation
 v - a scroll of enchant weapon
 w - a scroll of brand weapon {unknown}
 J - 4 scrolls of identify
Potions
 i - 4 potions of flight
 m - 2 potions of lignification
 q - 2 potions of might
 t - 2 potions of curing
 x - 2 potions of degeneration {unknown}
 D - a potion of cancellation {unknown}
 F - a potion of ambrosia {unknown}
 G - 2 potions of heal wounds {unknown}


   Skills:
 - Level 8.0 Fighting
 - Level 2.0(9.2) Short Blades
 - Level 13.9(14.0) Long Blades
 - Level 2.0 Throwing
 + Level 7.9 Dodging
 - Level 5.3 Stealth
 + Level 7.4 Shields


You had 11 spell levels left.
You didn't know any spells.
Your spell library contained the following spells:

 Spells                   Type           Power      Damage    Failure   Level
 Call Canine Familiar     Summ           0%         N/A       95%         3
 Portal Projectile        Hex/Tloc       0%         N/A       95%         3
 Leda's Liquefaction      Hex/Erth       0%         N/A       100%        4


Dungeon Overview and Level Annotations

Branches:
Dungeon (11/15)            Temple (0/1) D:6            Lair (0/5) D:11
  Sewer (visited)           IceCv (1/1)
    Orc: D:9-12

Altars:
Ashenzari
Fedhas
Gozag
Qazlal
Sif Muna
Trog
Zin

Shops:
D:3 ?   D:8 [

Portals:
Trove: D:10 (give 9 potions of haste)

Annotations:
D:4 3 runed translucent doors, Irreverend's ghost, amateur MiFi; Kamelo's ghost, amateur DsNe; Sabo's ghost, novice DsBe


Innate Abilities, Weirdness & Mutations

You cannot wear most types of armour.
You are amphibious.
You can wear up to eight rings at the same time.
Your skin changes colour to match your surroundings (Stealth+).
Your rubbery body absorbs attacks. (AC +1, EV +1)
((You are camouflaged when in or above water. (Stealth+)))
You have tentacles for arms and can constrict up to eight enemies at once.


Message History

The troll simulacrum closely misses you.
The troll simulacrum misses you.
The troll simulacrum barely misses you. x2
You're still recovering from your berserk rage.
Unknown command.
You completely miss the troll simulacrum.
The troll simulacrum is moderately damaged.
You slash the troll simulacrum!
The troll simulacrum is severely damaged.
You block the troll simulacrum's attack.
The troll simulacrum barely misses you. x2
You block the troll simulacrum's attack.
The troll simulacrum closely misses you.
The troll simulacrum claws you! The troll simulacrum freezes you. You resist.
You hit the troll simulacrum. You tentacle-slap the troll simulacrum.
You squeeze the troll simulacrum.
The troll simulacrum vaporises!
Trog accepts your kill.
The troll simulacrum closely misses you.
The troll simulacrum claws you. The troll simulacrum freezes you. You resist.
The troll simulacrum claws you. The troll simulacrum freezes you! You resist.
* * * LOW HITPOINT WARNING * * *
Okay, then.
Okay, then.
You feel protected. The troll simulacrum bites you.
* * * LOW HITPOINT WARNING * * *
The troll simulacrum freezes you. You resist.
* * * LOW HITPOINT WARNING * * *
The troll simulacrum claws you.
* * * LOW HITPOINT WARNING * * *
The troll simulacrum freezes you. You resist.
* * * LOW HITPOINT WARNING * * *
You block the troll simulacrum's attack.
You feel better.
You feel very mighty all of a sudden.
You recover from your berserk rage.
You block the troll simulacrum's attack.
The troll simulacrum barely misses you.
You block the troll simulacrum's attack.
The death yak simulacrum gores you!!
You die...

###### #######....##
##.##...##.#.## #
####.#...#####.#[####
#....#..## #...####..
#...#..####
##...##... ....
##@Z## ##...##.. .##
##Z.# #..###.. #....#
#..####. ..####..#
##..#... #..# #...#
##....# ##. ..##
###### ( ... ⌠ . ?.


You could see a death yak simulacrum and a troll simulacrum.

Vanquished Creatures
  Erolcha (D:9)
  A boulder beetle (D:11)
  5 two-headed ogres
  Pikel (D:6)
  A manticore (D:8)
  An ice statue (IceCv)
  Joseph (D:8)
  Psyche (D:8)
  4 rime drakes (D:10)
  Prince Ribbit (D:7)
  14 yaks
  A wyvern (D:8)
  Edmund (D:6)
  2 acid dragons
  A water moccasin (D:9)
  2 sky beasts
  2 ice beasts
  2 black bears
  3 orc warriors
  3 ogres
  4 centaurs
  4 phantoms
  4 bullfrogs
  5 kobold brigands
  A gnoll sergeant (D:7)
  5 two-headed ogre simulacra (IceCv)
  2 scorpions
  9 wights
  A howler monkey (D:7)
  An electric eel (D:6)
  2 orc priests (D:7)
  A hound (D:7)
  3 jellies
  A gnoll bouda (D:8)
  An iguana (D:5)
  A sickly merfolk siren (Sewer)
  8 orc wizards
  A spriggan simulacrum (IceCv)
  A troll simulacrum (IceCv)
  A malarious merfolk avatar (Sewer)
  A wolf simulacrum (IceCv)
  11 gnolls
  A river rat (Sewer)
  16 adders
  4 shadow imps
  4 white imps
  An ufetubus (D:7)
  A worm (D:3)
  4 dart slugs
  26 orcs
  6 bats
  5 endoplasms
  8 giant cockroaches
  11 goblins
  9 hobgoblins
  17 jackals
  6 quokkas
  15 ball pythons
  2 frilled lizards
  29 kobolds
  28 rats
309 creatures vanquished.

Notes
Turn   | Place    | Note
-------+----------+-------------------------------------------
     0 | D:1      | 2FriedEggs the Octopode Brigand began the quest for the
                  | Orb.
     0 | D:1      | Reached XP level 1. HP: 14/14 MP: 1/1
    39 | D:1      | Reached XP level 2. HP: 17/20 MP: 2/2
   511 | D:1      | Reached XP level 3. HP: 23/25 MP: 3/3
  1570 | D:2      | Reached XP level 4. HP: 21/31 MP: 4/4
  1990 | D:3      | Reached skill level 1 in Shields
  2182 | D:3      | Found Tyh Kinn's Magic Scroll Boutique.
  2186 | D:3      | Bought a scroll of noise for 14 gold pieces
  2188 | D:3      | Identified a scroll of acquirement
  2267 | D:3      | Reached XP level 5. HP: 36/36 MP: 5/5
  2503 | D:3      | Reached skill level 1 in Long Blades
  2945 | D:4      | Found a shimmering blue altar of Sif Muna.
  2945 | D:4      | Found a glowing silver altar of Zin.
  3117 | D:4      | Reached skill level 2 in Long Blades
  3128 | D:4      | Noticed an ogre
  3175 | D:4      | Killed an ogre
  3176 | D:4      | Reached skill level 3 in Long Blades
  3176 | D:4      | Reached XP level 6. HP: 42/42 MP: 6/6
  3214 | D:4      | Noticed an ice beast
  3258 | D:4      | Found a runed translucent gate.
  3262 | D:4      | Found a runed translucent gate.
  3262 | D:4      | Found a runed translucent gate.
  3332 | D:4      | Noticed Irreverend's ghost (amateur MiFi)
  3332 | D:4      | Noticed Sabo's ghost (novice DsBe)
  3332 | D:4      | Noticed Kamelo's ghost (amateur DsNe)
  3604 | D:4      | Killed an ice beast
  3605 | D:4      | Reached skill level 4 in Long Blades
  3704 | D:4      | Acquired the +2 hat of the Bear Spirit {Spirit, Bear, *Rage
                  | Will++}
  3704 | D:4      | Found the +2 hat of the Bear Spirit {Spirit, Bear, *Rage
                  | Will++}
  3745 | D:5      | Entered Level 5 of the Dungeon
  3759 | D:5      | Found a bloodstained altar of Trog.
  3759 | D:5      | Found a stormy altar of Qazlal.
  3770 | D:5      | Became a worshipper of Trog the Wrathful
  3772 | D:5      | Noticed an ice beast
  3840 | D:5      | Identified the +5 sling of Roafeocza {flame, rPois Int+4
                  | Stlth-}
  3852 | D:5      | Found a blossoming altar of Fedhas.
  3901 | D:5      | Reached XP level 7. HP: 29/47 MP: 5/7
  4559 | D:5      | Reached XP level 8. HP: 54/54 MP: 8/8
  4728 | D:5      | Reached skill level 5 in Fighting
  5049 | D:6      | Reached skill level 5 in Dodging
  5056 | D:6      | Reached * piety under Trog
  5264 | D:6      | Found a glowing drain.
  5268 | Sewer    | Entered a sewer
  5517 | Sewer    | Reached ** piety under Trog
  5650 | Sewer    | Reached skill level 5 in Long Blades
  5678 | Sewer    | Identified the +0 scale mail of Immorality {-Tele +Inv rN+
                  | Dex+2}
  5823 | D:6      | Found a staircase to the Ecumenical Temple.
  5882 | D:6      | Noticed Edmund
  5891 | D:6      | Killed Edmund
  5892 | D:6      | Reached skill level 6 in Long Blades
  6037 | D:6      | Reached skill level 7 in Long Blades
  6037 | D:6      | Reached XP level 9. HP: 61/61 MP: 9/9
  6377 | D:7      | Noticed Pikel
  6386 | D:6      | Killed Pikel
  6387 | D:6      | Reached skill level 8 in Long Blades
  6446 | D:7      | Reached skill level 9 in Long Blades
  6467 | D:7      | Found a broken altar of Ashenzari.
  6569 | D:7      | Reached *** piety under Trog
  6725 | D:7      | Reached skill level 10 in Long Blades
  7010 | D:7      | Reached XP level 10. HP: 66/66 MP: 10/10
  7077 | D:7      | Reached skill level 11 in Long Blades
  7222 | D:7      | Noticed Prince Ribbit
  7252 | D:7      | Killed Prince Ribbit
  7369 | D:7      | Found an opulent altar of Gozag.
  7513 | D:8      | Noticed Psyche
  7514 | D:8      | Reached **** piety under Trog
  7518 | D:8      | Killed Psyche
  7519 | D:8      | Reached skill level 12 in Long Blades
  7614 | D:8      | Noticed Joseph
  7625 | D:8      | Killed Joseph
  7788 | D:8      | Found Ahawkes's Antique Armour Shop.
  7864 | D:8      | Noticed a manticore
  7874 | D:8      | Killed a manticore
  7933 | D:8      | Reached skill level 13 in Long Blades
  8198 | D:9      | Noticed a two-headed ogre
  8337 | D:9      | Killed a two-headed ogre
  8343 | D:9      | Reached XP level 11. HP: 72/72 MP: 9/11
  8564 | D:9      | Noticed Erolcha
  8589 | D:9      | Killed Erolcha
  8590 | D:9      | Reached skill level 5 in Shields
  8982 | D:10     | Entered Level 10 of the Dungeon
  9115 | D:10     | Found the +4 skin of Zhor {*Englaciate rC+++ SInv}
  9178 | D:10     | Noticed a two-headed ogre
  9184 | D:10     | Killed a two-headed ogre
  9360 | D:10     | Found a portal to a secret trove of treasure.
  9375 | D:10     | Noticed a two-headed ogre
  9387 | D:10     | Killed a two-headed ogre
  9492 | D:10     | Noticed a two-headed ogre
  9502 | D:10     | Killed a two-headed ogre
  9845 | D:11     | Noticed a two-headed ogre
  9854 | D:11     | Killed a two-headed ogre
  9888 | D:11     | Noticed a boulder beetle
  9920 | D:11     | Killed a boulder beetle
  9921 | D:11     | Reached XP level 12. HP: 76/82 MP: 9/12
  9933 | D:11     | Found a frozen archway.
  9940 | IceCv    | Entered an ice cave
 10092 | IceCv    | Slain by a death yak simulacrum

Illustrated notes

Levels and vault maps discovered:
D:1:      dpeg_arrival_morbid_curiosity, layout_basic, hangedman_decor_push,
          item_on_display_a
D:2:      layout_basic, chequers_garden
D:3:      layout_loops_cross, serial_shops, nicolae_shop_pleasant_corner_grove,
          hangedman_decor_peaks_small, minmay_pentomino_pile
D:4:      layout_basic, gammafunk_temple_overflow_pools,
          gammafunk_ghost_cemetery
D:5:      layout_basic, mainiacjoe_overflow_concentric_impassable,
          nicolae_overflow_two_pavilions, kennysheep_dice
D:6:      layout_loops_ring, minmay_temple_entry_tees, gup_sewer_entry_spiral,
          nrook_pool_corridor, uniq_edmund
D:7:      layout_rooms, nicolae_gozag_seed_capital,
          ashenzari_conservatory_becter, uniq_prince_ribbit1, uniq_pikel
D:8:      layout_basic, serial_shops, shop, uniq_psyche, uniq_joseph
D:9:      layout_irregular_city, grunt_ogre_cave, uniq_erolcha
D:10:     layout_roguey, enter_trove_6, hellmonk_guarded_unrand_zhor
D:11:     layout_roguey, grunt_lair_entry_orc_guard_hut,
          portal_ice_cave_entry_pillars_1
IceCv:    ice_cave_caverns_03

Skill      XL: |  1  2  3  4  5  6  7  8  9 10 11 12 |
---------------+-------------------------------------+-----
Dodging        | 2 3 4 5 7 |  7.9
Fighting       | 3 4 5 7 8 |  8.0
Shields        | 1 2 3 4 7 |  7.4
Long Blades    | 3 4 7 10 13 | 13.9
Short Blades   | |  2.0
Throwing       | |  2.0
Stealth        | |  5.3

Action                     |  1- 3 |  4- 6 |  7- 9 | 10-12 || total
---------------------------+-------+-------+-------+-------++-------
  Melee: Dagger            |    73 |   115 |    65 |       ||   253
         Constrict         |    18 |    23 |    52 |    28 ||   121
         Tentacles         |    13 |    22 |    56 |    81 ||   172
         Long sword        |       |       |   188 |   267 ||   455
         Punch             |       |       |     3 |     7 ||    10
  Throw: Dart              |       |    14 |     5 |       ||    19
 Invoke: Berserk           |       |       |       |     8 ||     8
  Evoke: Wand              |       |       |       |     7 ||     7
    Use: Scroll            |     2 |     5 |     5 |     7 ||    19
         Potion            |       |       |       |     3 ||     3
   Stab: Sleeping          |    14 |    19 |    20 |    11 ||    64
         Distracted        |       |     1 |       |     1 ||     2
 Armour: Skin              |     5 |     6 |    25 |     4 ||    40
  Dodge: Dodged            |    25 |    38 |   102 |    85 ||   250
  Block: Kite shield       |    10 |    38 |   108 |    92 ||   248
